 Dungeon Crawl Stone Soup version 0.31-a0-232-gb1c03b2570 (webtiles) character file.

Game seed: 2292459250171392040

113 Shard1697 the Cudgeller (level 4, -4/39 HPs)
             Began as an Armataur Fighter on July 7, 2023.
             Slain by a black bear (6 damage)
             ... on level 4 of the Dungeon.
             The game lasted 00:03:31 (2158 turns).

Shard1697 the Cudgeller (Armataur Fighter)          Turns: 2158, Time: 00:03:31

Health: -4/39      AC:  9    Str: 21    XL:     4   Next: 65%
Magic:  4/4        EV:  7    Int:  8    God:
Gold:   95         SH:  4    Dex: 12    Spells: 3/3 levels left

rFire   . . .        a - +0 flail (flame)
rCold   . . .        c - +0 buckler
rNeg    . . .        b - +0 scale mail
rPois   .            (no helmet)
rElec   .            (no cloak)
rCorr   .            i - +1 pair of gloves
SInv    .            (no barding)
Will    .....        (no amulet) Stlth
                     (no ring)
HPRegen 0.26/turn    (no ring)
MPRegen 0.09/turn

%: roll
@: no status effects
A: large, rugged brown scales 3, deformed body, armoured tail, roll, long
tongue, awkward tongue
a: no special abilities


You were on level 4 of the Dungeon.
You visited 1 branch of the dungeon, and saw 4 of its levels.

You collected 95 gold pieces.

Inventory:

Hand Weapons
 a - a +0 flail of flaming (weapon)
Missiles
 k - 2 throwing nets
Armour
 b - a +0 scale mail (worn)
 c - a +0 buckler (worn)
 i - a +1 pair of gloves (worn)
Jewellery
 n - an amulet of guardian spirit
 r - a ring of positive energy
Scrolls
 l - 2 scrolls of fog
Potions
 d - a potion of might
 e - 2 potions of brilliance {unknown}
 h - a potion of heal wounds {unknown}
 j - a potion of magic {unknown}
 o - 2 potions of mutation {unknown}
 t - 2 potions of lignification {unknown}


   Skills:
 - Level 2.6 Fighting
 + Level 4.5 Maces & Flails
 - Level 3.6 Armour
 - Level 3.2 Shields


You had 3 spell levels left.
You didn't know any spells.
Your spell library contained the following spells:

 Spells                   Type           Power      Damage    Failure   Level
 Sublimation of Blood     Necr           0%         N/A       91%         2
 Petrify                  Tmut/Erth      0%         N/A       100%        4
 Irradiate                Conj/Tmut      0%         3d11      100%        5


Dungeon Overview and Level Annotations

Branches:
Dungeon (4/15)
 Temple: D:4-7

Altars:
Ashenzari


Innate Abilities, Weirdness & Mutations

You are completely covered in rugged brown scales. (AC +3, +7% HP)
Armour fits poorly on your strangely shaped body.
You have a long armoured tail.
You roll when moving toward enemies. (Rampage)
Your long tongue fully drains potion bottles. (2x potion effects)
Your tongue gives you trouble enunciating. (1.5x scroll delay)


Message History

You block the black bear's attack. The black bear barely misses you.
You completely miss the black bear. You tail-slap the black bear!
The black bear is severely wounded.
The black bear bites you but does no damage.
The black bear claws you. The black bear barely misses you.
A hobgoblin comes into view.
The hobgoblin shouts!
You hit the black bear. You burn the black bear.
The black bear is severely wounded.
The black bear barely misses you. The black bear claws you.
The black bear barely misses you.
The black bear goes berserk!
You hit the black bear. You burn the black bear.
The black bear is severely wounded.
The black bear barely misses you.
The black bear claws you but does no damage.
The black bear claws you.
You hit the black bear but do no damage.
You tail-slap the black bear!
The black bear is almost dead.
The black bear bites you but does no damage.
The black bear barely misses you.
The black bear claws you but does no damage.
The black bear bites you but does no damage.
The black bear claws you but does no damage. x2
You closely miss the black bear.
The black bear is almost dead.
You block the black bear's attack. The black bear claws you.
The black bear claws you but does no damage.
The black bear bites you!
* * * LOW HITPOINT WARNING * * *
The black bear claws you.
* * * LOW HITPOINT WARNING * * *
The black bear claws you.
* * * LOW HITPOINT WARNING * * *
You barely miss the black bear.
The black bear is almost dead.
The black bear bites you.
* * * LOW HITPOINT WARNING * * *
The black bear barely misses you. The black bear claws you.
You die...

#<# #.#
#######.########
#...............
#.#####.########
#.# #.#######
+........
#@##....$ #h#
.... #g# ... ...
.. .5. . ###
#.... #.# .....
#<# ......
.....#


You could see a black bear (berserk), an ufetubus and a hobgoblin.

Vanquished Creatures
  A hound (D:4)
  An adder (D:3)
  4 worms
  A dart slug (D:3)
  5 orcs
  3 ball pythons
  6 endoplasms (D:1)
  4 giant cockroaches
  4 goblins
  5 hobgoblins
  4 jackals (D:1)
  2 quokkas
  5 bats
  2 frilled lizards
  3 kobolds
  2 rats (D:3)
52 creatures vanquished.

Notes
Turn   | Place    | Note
-------+----------+-------------------------------------------
     0 | D:1      | Shard1697 the Armataur Fighter began the quest for the Orb.
     0 | D:1      | Reached XP level 1. HP: 19/19 MP: 1/1
    63 | D:1      | Reached skill level 2 in Maces & Flails
   166 | D:1      | Reached XP level 2. HP: 26/26 MP: 2/2
   349 | D:1      | Reached skill level 3 in Maces & Flails
   469 | D:1      | Reached XP level 3. HP: 32/32 MP: 3/3
   948 | D:2      | Found a faded altar of an unknown god.
  1771 | D:3      | Found a broken altar of Ashenzari.
  1814 | D:3      | Reached XP level 4. HP: 39/39 MP: 4/4
  1820 | D:3      | Reached skill level 4 in Maces & Flails
  2098 | D:4      | Noticed a black bear
  2145 | D:4      | Noticed a black bear
  2158 | D:4      | Slain by a black bear

Illustrated notes

Levels and vault maps discovered:
D:1:      tekkud_arrival_beachfront_property, layout_loops_corners
D:2:      layout_basic, hellmonk_ecumenical_altar_arch_garden
D:3:      layout_rooms, ashenzari_altar_1
D:4:      layout_basic, mainiacjoe_overflow_big_doors,
          nicolae_nh_oracle_at_delphi, uniq_eustachio

Skill      XL: |  1  2  3  4 |
---------------+-------------+-----
Maces & Flails | 2 3 4 |  4.5
Fighting       | |  2.6
Armour         | |  3.6
Shields        | |  3.2

Action                     |  1- 3 |  4- 6 || total
---------------------------+-------+-------++-------
  Melee: Flail             |   103 |    43 ||   146
         Tailslap          |    13 |     6 ||    19
    Use: Scroll            |       |     8 ||     8
 Armour: Scale mail        |    35 |    26 ||    61
  Dodge: Dodged            |    34 |    15 ||    49
  Block: Buckler           |    17 |     7 ||    24

Table legend: (Time is in decaauts)
 A = Elapsed time spent in this place.
 B = Non-inter-level travel time spent in this place.
 C = Inter-level travel time spent in this place.
 D = Time resting spent in this place.
 E = Time spent auto-exploring this place.
 F = Levels seen in this place.
 G = Mean time per level.
                   A        B        C        D        E       F      G
               +--------+--------+--------+--------+--------+-----+--------+
         Total |   2199 |   2099 |    100 |     70 |   1655 |   4 |  549.8 |
       Dungeon |   2199 |   2099 |    100 |     70 |   1655 |   4 |  549.8 |
               +--------+--------+--------+--------+--------+-----+--------+

Top non-repeatable levels by time:
     D:1: 923 daAuts
     D:2: 725 daAuts
     D:3: 500 daAuts
     D:4: 50 daAuts
